 Dungeon Crawl Stone Soup version 0.29.1-2-gbd0b4ee654 (webtiles) character file.

Game seed: 4998947349085489198

440 hawla the Conjurer (level 7, -1/50 HPs)
             Began as a Meteoran Ice Elementalist on Dec 1, 2022.
             Slain by a black bear (2 damage)
             ... on level 5 of the Dungeon.
             The game lasted 00:09:22 (1660 turns).

hawla the Conjurer (Meteoran Ice Elementalist)      Turns: 1660, Time: 00:09:22

Health: -1/50      AC:  2    Str:  9    XL:     7   Next: 46%
Magic:  4/13       EV: 12    Int: 19    God:
Gold:   236        SH:  0    Dex: 15    Spells: 5/13 levels left

rFire   . . .      SeeInvis .   g - +0 quarterstaff
rCold   . . .      Faith    .   (shield currently unavailable)
rNeg    . . .      Spirit   .   a - +0 robe
rPois   .          Reflect  .   (no helmet)
rElec   .          Harm     .   (no cloak)
rCorr   .          Rampage  .   (no gloves)
Will    .....                   (no boots)
Stlth   +.........              (no amulet)
HPRegen 0.16/turn               (no ring)
MPRegen 0.13/turn               (no ring)

@: about to teleport, freezing walls, glowing
A: sense surroundings 1, otherworldly, glowing, explore regen
a: no special abilities


You were on level 5 of the Dungeon.
You visited 1 branch of the dungeon, and saw 5 of its levels.

You collected 236 gold pieces.

Inventory:

Hand Weapons
 g - a +0 quarterstaff (weapon)
Armour
 a - a +0 robe (worn)
Wands
 k - a wand of digging (5)
Scrolls
 c - a scroll of enchant weapon {unknown}
 d - a scroll of teleportation
 e - a scroll of torment
 f - 3 scrolls of identify {unknown}
 i - a scroll of butterflies {unknown}
 l - a scroll of vulnerability {unknown}
 n - a scroll of immolation {unknown}
Potions
 b - 2 potions of attraction {unknown}
 h - a potion of curing
 j - a potion of mutation {unknown}
 m - a potion of degeneration {unknown}


   Skills:
 - Level 0.3 Fighting
 - Level 0.3 Staves
 - Level 2.6 Dodging
 - Level 1.4 Stealth
 - Level 3.7 Spellcasting
 + Level 6.3 Conjurations
 - Level 6.0 Ice Magic


You had 5 spell levels left.
You knew the following spells:

 Your Spells              Type           Power      Damage    Failure   Level
a - Freeze                Ice            100%       1d11      1%          1
b - Frozen Ramparts       Ice            52%        1d8       3%          3
c - Hailstorm             Conj/Ice       26%        3d7       11%         4

Your spell library contained the following spells:

 Spells                   Type           Power      Damage    Failure   Level
 Magic Dart               Conj           100%       1d8       1%          1
 Ozocubu's Armour         Ice            26%        N/A       3%          3
 Ensorcelled Hibernation  Hex/Ice        28%        N/A       6%          2
 Summon Small Mammal      Summ           12%        N/A       14%         1
 Mephitic Cloud           Conj/Pois/Air  11%        N/A       19%         3
 Call Imp                 Summ           3%         N/A       22%         2
 Passwall                 Tmut/Erth      2%         N/A       22%         2
 Call Canine Familiar     Summ           3%         N/A       38%         3
 Gell's Gravitas          Tloc           3%         N/A       38%         3
 Lesser Beckoning         Tloc           3%         N/A       38%         3
 Summon Guardian Golem    Hex/Summ       3%         N/A       38%         3
 Swiftness                Air            3%         N/A       38%         3
 Teleport Other           Tloc           3%         N/A       38%         3


Dungeon Overview and Level Annotations

Branches:
Dungeon (5/15) Zot: 1329
 Temple: D:4-7

Altars:
The Shining One

Shops:
D:1 [

Annotations:
D:5 Prince Ribbit


Innate Abilities, Weirdness & Mutations

You passively map a small area around you.
You are easily found by Zot.
You glow in the dark.
You regain HP and MP as you explore.


Message History

Confirm with . or Enter, or press ? or * to list all spells.
Aiming: Freeze (safe; 1% risk of failure)
Press: ? - help, Shift-Dir - straight line, f - centaur
Aim: a centaur (heavily wounded)
You freeze the centaur.
The centaur is severely wounded.
The wall freezes the centaur.
The centaur hits you. The centaur kicks you.
The wall freezes the black bear.
The black bear bites you.
The black bear claws you but does no damage.
The black bear claws you.
Sorry, you're not good enough to have a special ability.
Sorry, you're not good enough to have a special ability.
Unknown command.
Okay, then.
As you read the scroll of teleportation, it crumbles to dust.
You feel strangely unstable.
The wall freezes the centaur but does no damage.
The centaur misses you. The centaur barely misses you.
The wall freezes the black bear!
The black bear bites you!
* * * LOW HITPOINT WARNING * * *
The black bear claws you.
* * * LOW HITPOINT WARNING * * *
The black bear claws you.
* * * LOW HITPOINT WARNING * * *
The wall freezes the centaur but does no damage.
The centaur hits you.
* * * LOW HITPOINT WARNING * * *
The centaur kicks you.
* * * LOW HITPOINT WARNING * * *
Casting: Freeze (safe; 1% risk of failure)
Confirm with . or Enter, or press ? or * to list all spells.
Aiming: Freeze (safe; 1% risk of failure)
Press: ? - help, Shift-Dir - straight line, f/p - centaur
Aim: a centaur (almost dead)
You freeze the centaur!
You kill the centaur!
The wall freezes the black bear.
The black bear bites you.
* * * LOW HITPOINT WARNING * * *
The black bear claws you.
You die...

.........######## .#
... #..........## .#.#*
#
##...#).)#..#######.#.#
#.####.))##.......#...#
.## ##.####......#..#
#* * .#
#..............#.. * *
.# ##.#.####....#.....
.#####..#.# #..#)......
* ........#.##
#!.@h......
........#..#
##..##..###
........##.# *#..#, ,#
.#########.##..... ..#
##............ , *
..####..####.#..###.
.......## #....#
...............# *
....##..<........


You could see a black bear.

Vanquished Creatures
  A centaur (D:5)
  A phantom (D:5)
  A necrophage (D:5)
  A scorpion (D:4)
  A jelly (D:5)
  2 iguanas (D:4)
  Terence (D:2)
  An orc wizard (D:4)
  2 adders
  A shadow imp (D:5)
  6 dart slugs
  11 orcs
  2 bats
  6 endoplasms
  A giant cockroach (D:4)
  7 goblins
  4 hobgoblins
  4 jackals (D:3)
  3 quokkas
  3 ball pythons
  4 kobolds
  2 rats (D:2)
65 creatures vanquished.

Notes
Turn   | Place    | Note
-------+----------+-------------------------------------------
     0 | D:1      | hawla the Meteoran Ice Elementalist began the quest for the
                  | Orb.
     0 | D:1      | Reached XP level 1. HP: 14/14 MP: 5/5
    45 | D:1      | Reached XP level 2. HP: 16/20 MP: 1/6
    45 | D:1      | Found Jaenon's Armour Boutique.
    97 | D:1      | Found a faded altar of an unknown god.
   131 | D:2      | Reached skill level 5 in Ice Magic
   136 | D:2      | Reached XP level 3. HP: 12/26 MP: 1/8
   162 | D:2      | Noticed Terence
   170 | D:2      | Killed Terence
   171 | D:2      | Reached XP level 4. HP: 13/33 MP: 7/10
   175 | D:2      | Learned a level 3 spell: Frozen Ramparts
   428 | D:3      | Learned a level 4 spell: Hailstorm
   462 | D:4      | Reached XP level 5. HP: 18/38 MP: 6/11
   658 | D:4      | Found a glowing golden altar of the Shining One.
   891 | D:4      | Reached XP level 6. HP: 32/45 MP: 7/12
  1318 | D:5      | Entered Level 5 of the Dungeon
  1425 | D:5      | Reached skill level 5 in Conjurations
  1425 | D:5      | Reached XP level 7. HP: 19/50 MP: 5/13
  1449 | D:5      | Noticed Prince Ribbit
  1660 | D:5      | HP: 1/50 [black bear (6)]
  1660 | D:5      | Slain by a black bear

Illustrated notes

Levels and vault maps discovered:
D:1:      sevenhm_arrival_forest_fort_small_3, layout_basic, serial_shops,
          nicolae_shop_trees, chequers_ecumenical_altar_island
D:2:      layout_rooms, minmay_fractal_squares_5, uniq_sigmund, uniq_terence
D:3:      layout_basic
D:4:      layout_basic, mainiacjoe_overflow_surrounded_room,
          nicolae_figureground_pulse
D:5:      layout_rooms, uniq_prince_ribbit1, uniq_eustachio,
          uniq_crazy_yiuf_cottage

Skill      XL: |  1  2  3  4  5  6  7 |
---------------+----------------------+-----
Ice Magic      | 5 6 |  6.0
Spellcasting   | 3 |  3.7
Conjurations   | 3 5 6 |  6.3
Fighting       | |  0.3
Staves         | |  0.3
Dodging        | |  2.6
Stealth        | |  1.4

Action                   |  1- 3 |  4- 6 |  7- 9 || total
-------------------------+-------+-------+-------++-------
Melee: Unarmed           |     2 |       |       ||     2
       Quarterstaff      |     3 |    25 |     6 ||    34
 Cast: Freeze            |    23 |    15 |     3 ||    41
       Frozen Ramparts   |       |    19 |     3 ||    22
       Hailstorm         |       |     3 |     6 ||     9
Evoke: Wand              |       |       |     1 ||     1
  Use: Scroll            |     2 |       |     3 ||     5
       Potion            |     2 |       |     2 ||     4
Armor: Robe              |    10 |     2 |     3 ||    15
Dodge: Dodged            |    13 |    27 |    14 ||    54
